AoeStats
← jcmanriqe

Arabia

510130668Analyzed
3v3 RM · 4d ago on Sep 29, 2026· 83m 46s· 6 players
Game mode
Random Map
Map size
Normal (6 player)
Population
200
Speed
Normal
Resources
Standard
Victory
Conquest
Starting age
Dark Age
Ending age
Imperial Age
RankedLock teamsTeams togetherTeam positionsShared explorationLock speedFull tech treeHidden civsTurbo modeCheats
Victory
Defeat
🇪🇸 Burgundians · Spain
689
+10
🇪🇸 Italians · Spain
652
+12
🇦🇷 Ethiopians · Argentina
412
+21
🇹🇷 Khmer · Türkiye
596
-16
🇩🇪 Berbers · Germany
564
-15
🇪🇬 Franks · Egypt
483
-12
Nicotin
0:30 Loom
11:19 Feudal Age
17:36 Double-Bit Axe
22:36 Castle Age
23:40 Husbandry
23:52 Scale Barding Armor
23:49 Horse Collar
25:29 Bow Saw
27:05 Chain Barding Armor
27:21 Pikeman
28:02 Squires
27:48 Arson
36:12 Imperial Age
35:16 Heavy Plow
35:13 Gold Mining
39:22 Plate Barding Armor
38:49 Padded Archer Armor
38:39 Fletching
39:00 Forging
38:51 Scale Mail Armor
40:27 Cavalier
40:28 Heavy Camel Rider
42:41 Iron Casting
46:15 Chemistry
45:27 Fortified Wall
45:28 Masonry
47:01 Elite Camel Archer
61:52 Crossbowman
61:53 Elite Skirmisher
62:39 Thumb Ring
61:56 Elite Genitour
63:56 Leather Archer Armor
63:36 Bodkin Arrow
64:42 Blast Furnace
63:58 Chain Mail Armor
Pompacı Mülayim
12:31 Feudal Age
14:14 Double-Bit Axe
21:08 Horse Collar
27:57 Castle Age
27:03 Gold Mining
27:07 Stone Mining
28:57 Bow Saw
30:47 Wheelbarrow
30:18 Heavy Plow
30:59 Stone Shaft Mining
32:54 Fortified Wall
33:47 Tusk Swords
34:20 Ballistics
34:40 Town Watch
35:48 Hand Cart
41:17 Gold Shaft Mining
42:00 Bloodlines
41:50 Husbandry
42:47 Scale Barding Armor
42:35 Fletching
42:46 Padded Archer Armor
47:11 Imperial Age
48:14 Conscription
50:31 Chemistry
49:35 Double Crossbow
50:37 Crop Rotation
53:15 Elite Battle Elephant
61:12 Pikeman
kzakaria9191
0:32 Loom
12:43 Feudal Age
23:00 Castle Age
26:31 Double-Bit Axe
26:51 Husbandry
27:40 Stone Mining
27:45 Gold Mining
27:37 Man-at-Arms
28:02 Gambesons
28:18 Squires
33:27 Imperial Age
30:56 Treadmill Crane
31:28 Fortified Wall
31:13 Murder Holes
33:15 Gold Shaft Mining
34:07 Cavalier
35:49 Bow Saw
38:26 Town Watch
39:42 Conscription
39:58 Ballistics
42:53 Caravan
43:31 Scale Barding Armor
43:36 Forging
46:30 Chain Barding Armor
46:20 Forging
47:14 Chemistry
46:25 Masonry
47:33 Elite Throwing Axeman
51:00 Paladin
54:48 Hoardings
53:34 Ordonnance Companies
57:17 Chivalry
58:35 Plate Barding Armor
58:36 Iron Casting
58:03 Padded Archer Armor
57:53 Fletching
61:32 Architecture
61:06 Scale Mail Armor
62:06 Blast Furnace
62:16 Leather Archer Armor
61:57 Bodkin Arrow
62:13 Siege Engineers
63:34 Pikeman
63:34 Long Swordsman
64:51 Two-Handed Swordsman
64:56 Halberdier
75:02 Chain Mail Armor
80:23 Town Patrol
filx3000p
0:31 Loom
9:31 Wheelbarrow
11:18 Double-Bit Axe
13:50 Feudal Age
12:29 Gold Mining
12:57 Stone Mining
14:58 Hand Cart
22:54 Castle Age
24:57 Horse Collar
25:29 Bow Saw
31:47 Caravan
34:29 Imperial Age
32:18 Pikeman
34:06 Scale Mail Armor
36:18 Cavalier
37:25 Conscription
36:41 Halberdier
38:19 Scale Barding Armor
38:29 Chain Mail Armor
43:48 Two-Man Saw
44:07 Chemistry
43:46 Squires
43:35 Paladin
46:50 Plate Mail Armor
46:31 Forging
46:42 Chain Barding Armor
61:17 Arson
62:10 Plate Barding Armor
62:11 Iron Casting
61:27 Fletching
61:38 Padded Archer Armor
72:21 Husbandry
71:53 Elite Coustillier
72:44 Light Cavalry
74:55 Coinage
73:55 Hussar
76:21 Blast Furnace
jcmanriqe
0:44 Loom
11:10 Feudal Age
11:57 Town Watch
12:14 Double-Bit Axe
13:28 Wheelbarrow
19:16 Stone Mining
21:14 Fletching
21:24 Padded Archer Armor
22:49 Horse Collar
28:30 Castle Age
27:34 Scale Mail Armor
29:46 Hand Cart
29:52 Squires
30:36 Bow Saw
31:29 Gold Mining
31:41 Pikeman
32:53 Forging
33:38 Bodkin Arrow
34:26 Caravan
35:32 Heavy Plow
36:36 Murder Holes
37:02 Ballistics
37:39 Chain Mail Armor
39:29 Silk Road
45:44 Imperial Age
45:07 Thumb Ring
46:08 Iron Casting
47:26 Crop Rotation
48:44 Chemistry
52:46 Blast Furnace
52:02 Leather Archer Armor
51:47 Bracer
54:03 Arson
54:54 Plate Mail Armor
57:56 Ring Archer Armor
58:48 Masonry
60:25 Elite Genoese Crossbowman
72:07 Architecture
Wilchester
7:47 Loom
12:49 Feudal Age
13:26 Town Watch
13:29 Double-Bit Axe
13:32 Horse Collar
16:58 Gold Mining
24:20 Castle Age
22:30 Stone Mining
23:08 Fletching
23:11 Arson
24:05 Forging
24:22 Scale Mail Armor
25:05 Heavy Plow
25:06 Bodkin Arrow
27:19 Bow Saw
28:55 Murder Holes
29:21 Ballistics
30:29 Guard Tower
38:26 Imperial Age
37:07 Gold Shaft Mining
37:19 Masonry
39:04 Iron Casting
42:45 Chain Mail Armor
44:13 Wheelbarrow
44:32 Stone Shaft Mining
45:44 Hand Cart
47:58 Conscription
48:12 Bracer
48:19 Royal Heirs
48:52 Elite Shotel Warrior
50:38 Blast Furnace
56:37 Chemistry
57:15 Plate Mail Armor
56:54 Squires
64:44 Architecture
65:01 Fervor
66:21 Town Patrol
66:29 Siege Engineers
Connection lost

Rejoining the realm…

Still unreachable

The connection could not be restored.

Session expired

The server has moved on; the page needs a fresh start.